Map: Ruins of Endion

Players

Pokebunny

  • Race: Terran Terran
  • League: Grandmaster

BerryCruncH - Winner!

  • Race: Terran Terran
  • League: Grandmaster

VOD

Have the link to the VOD?

Description

Time

  • Played on: April 6, 2016, 4:33 p.m.
  • Length: 9:23
Show
View Real Time Build Order
Export as new Build Order

Pokebunny Terran 

Build Orders: Reaper Expand, MMM Bio 

Get SALT Encoding   

  12  0:01  SCV  
  13  0:13  SCV  
  14  0:18  Supply Depot  
  14  0:25  SCV  
  15  0:40  SCV  
  15  0:42  Barracks  
  16  0:46  Refinery  
  16  0:52  SCV  
  17  1:04  SCV  
  18  1:16  SCV  
  19  1:28  Orbital Command  
  19  1:29  Reaper  
  20  1:39  Command Center  
  20  1:52  Supply Depot  
  20  1:55  SCV  
  20  2:01  Marine  
  21  2:08  SCV  
  23  2:09  Factory  
  23  2:16  Refinery  
  23  2:19  Marine  
  23  2:20  SCV  
  25  2:36  Marine  
  25  2:43  SCV  
  25  2:54  Hellion, Starport  
  25  2:55  Marine, SCV  
  29  3:09  Orbital Command, SCV  
  30  3:15  Barracks Tech Lab  
  30  3:16  Barracks, Widow Mine  
  31  3:37  Marine  
  31  3:38  Viking, Stimpack  
  31  3:39  SCV x2  
  36  3:41  Supply Depot  
  36  3:51  SCV x2  
  38  3:58  Factory Tech Lab  
  38  4:00  Barracks  
  38  4:03  SCV x2  
  38  4:04  Barracks Reactor  
  38  4:05  Marine  
  38  4:08  Medivac  
  43  4:22  Marine  
  43  4:30  Engineering Bay  
  41  4:35  SCV x2  
  40  4:43  Marine x3  
  40  4:44  Viking  
  45  4:48  Siege Tank, Marine  
  45  4:51  SCV  
  45  4:52  SCV  
  49  5:02  Missile Turret x2  
  49  5:05  Marine x2  
  47  5:16  SCV  
  48  5:23  SCV  
  48  5:25  Barracks Reactor  
  49  5:29  Starport Reactor  
  49  5:33  Terran Infantry Weapons Level 1  
  49  5:37  Marine x2  
  51  5:45  SCV x2  
  51  5:47  Marine  
  54  6:01  Refinery  
  54  6:12  Supply Depot  
  54  6:25  Siege Tank, Marine x3, SCV x2  
  62  6:34  Marine x2, Medivac x2  
  62  6:37  Combat Shields  
  68  6:41  SCV x2  
  68  6:43  Supply Depot  
  70  6:50  Marine x2  
  70  7:04  Marine x3  
  70  7:05  Siege Tank, Medivac  
  70  7:06  Supply Depot  
  78  7:28  SCV x2  
  66  7:41  Marine  
  66  7:42  Marine x4  
  66  7:43  Siege Tank  
  63  7:59  Marine x2  
  63  8:00  Marine  
  63  8:01  SCV x2  
  62  8:07  Marine  
  62  8:08  Command Center, Marine  
  62  8:09  Medivac  
  65  8:13  SCV x2  
  67  8:20  Siege Tank, Marine  
  67  8:25  SCV  
  67  8:26  SCV  
  73  8:29  Marine x2  
  73  8:30  Marine  
  76  8:37  Marine  
  77  8:42  Marine  
  77  8:47  Marine x2  
  80  8:50  Marine  
  80  8:55  Marine  
  69  9:00  Marine  
  57  9:04  Marine x2  
Show
View Real Time Build Order
Export as new Build Order

BerryCruncH Terran - Winner!

Build Orders: 1/1/1, Banshee Rush 

Get SALT Encoding   

  12  0:00  SCV  
  13  0:13  SCV  
  14  0:17  Supply Depot  
  14  0:25  SCV  
  14  0:27  Refinery  
  15  0:39  SCV  
  16  0:44  Barracks  
  16  0:51  SCV  
  17  0:59  Refinery  
  17  1:03  SCV  
  18  1:15  SCV  
  19  1:31  Orbital Command  
  19  1:32  Reaper  
  20  1:36  Factory  
  20  1:47  Supply Depot  
  20  1:57  SCV  
  21  2:04  Reaper  
  22  2:09  SCV  
  23  2:17  Supply Depot  
  23  2:21  Hellion, SCV  
  26  2:25  Starport  
  26  2:33  SCV  
  26  2:37  Barracks Tech Lab  
  26  2:44  Hellion  
  28  2:45  SCV  
  28  2:57  SCV  
  29  3:07  Barracks Reactor  
  29  3:08  Banshee, Cloaking Field  
  32  3:13  SCV  
  32  3:15  Supply Depot  
  30  3:30  Widow Mine, SCV  
  31  3:42  SCV  
  31  3:43  Marine  
  31  3:44  Marine  
  34  3:49  Command Center  
  34  3:55  Banshee  
  37  3:56  SCV  
  37  4:01  Marine x2  
  40  4:02  Factory Tech Lab  
  40  4:09  Supply Depot  
  40  4:11  SCV  
  41  4:19  Marine x2  
  46  4:56  Siege Tank, Command Center  
  43  5:13  Orbital Command  
  43  5:23  Viking x2  
  43  5:25  Marine, Stimpack  
  48  5:33  SCV  
  49  5:37  Refinery  
  49  5:38  Siege Tank  
  49  5:42  SCV  
  53  5:43  Marine  
  53  5:47  Engineering Bay x2  
  54  5:51  SCV  
  54  5:54  SCV  
  56  5:58  Viking  
  56  5:59  Viking  
  60  6:05  SCV  
  60  6:06  SCV  
  60  6:09  Supply Depot  
  62  6:14  Marine  
  62  6:17  Orbital Command  
  63  6:18  SCV  
  63  6:19  SCV  
  63  6:25  Siege Tank  
  68  6:33  SCV x2  
  68  6:35  Refinery  
  68  6:36  Terran Infantry Armor Level 1, Terran Infantry Weapons Level 1  
  68  6:39  Marine  
  70  6:45  SCV  
  70  6:57  Barracks x2  
  70  6:59  SCV x2  
  72  7:03  Siege Tank  
  75  7:08  Marine  
  75  7:10  Barracks  
  75  7:12  Barracks, SCV  
  77  7:15  Medivac x2  
  77  7:18  SCV  
  82  7:26  Marine  
  63  7:41  Siege Tank  
  63  7:44  Marine  
  55  7:58  Orbital Command  
  54  8:02  Marine  
  54  8:04  SCV  
  52  8:13  Siege Tank  
  52  8:15  Medivac x2  
  52  8:19  Marine  
  59  8:20  Marine x2  
  59  8:21  Marine  
  59  8:26  SCV  
  59  8:27  SCV  
  65  8:36  Marine  
  65  8:37  Marine  
  65  8:38  Marine, SCV  
  65  8:39  SCV  
  70  8:42  Marine x2  
  70  8:45  Siege Tank  
  75  8:51  SCV  
  75  9:02  Marine  
  72  9:04  Marine  
Tags
 
Add a new tag
Caveats
  • Supply blocks, unpowered buildings, or Contaminate may cause inaccurate times.
  • Supply counts are checked every 10 seconds.